 Dungeon Crawl Stone Soup version 0.32-a0-312-g1d7162e751 (webtiles) character file.

Game seed: 17549299979842740758

94544 Amplified the Holy Warrior (level 15, -1/137 HPs)
             Began as a Mountain Dwarf Fighter on Feb 13, 2024.
             Was a Priest of the Shining One.
             Slain by a troll (3 damage)
             ... summoned by a boggart
             ... while petrified by a basilisk
             ... on level 14 of the Dungeon on Feb 15, 2024.
             The game lasted 00:49:00 (27474 turns).

Amplified the Holy Warrior (MDFi)                  Turns: 27474, Time: 00:49:01

Health: -1/137     AC: 19    Str: 23    XL:     15   Next: 35%
Magic:  29/29      EV:  2    Int: 12    God:    the Shining One [***...]
Gold:   782        SH:  0    Dex:  9    Spells: 14/14 levels left

rFire   + . .        i - +1 whip (elec)
rCold   . . .        L - +2 buckler
rNeg    + + +        V - +4 scale mail of Quantum Leap {rF+}
rPois   ∞            B - +0 helmet
rElec   +            e - +0 cloak
rCorr   .            r - +1 pair of gloves
SInv    .            C - +0 pair of boots
Will    +....        f - amulet of Geonn {Reflect Fly rElec SH+5} Stlth
                     U - +5 ring of evasion
HPRegen 0.42/turn    E - +4 ring of slaying
MPRegen 0.21/turn

%: reflection
@: petrified, flying, glowing
A: runic magic, artefact enchanting
a: Renounce Religion, Divine Shield, Cleansing Flame


You were on level 14 of the Dungeon.
You worshipped the Shining One.
The Shining One was most pleased with you.
You visited 4 branches of the dungeon, and saw 22 of its levels.
You also visited: Ossuary.

You collected 2433 gold pieces.
You spent 1651 gold pieces at shops.

Inventory:

Hand Weapons
 i - a +1 whip of electrocution (weapon)
Missiles
 A - 38 poisoned darts (quivered)
Armour
 e - a +0 cloak (worn)
 r - a +1 pair of gloves (worn)
 y - a +2 scale mail of poison resistance
 z - a +3 chain mail of positive energy
 B - a +0 helmet (worn)
 C - a +0 pair of boots (worn)
 L - a +2 buckler (worn)
 T - a +4 chain mail of cold resistance
 V - the +4 scale mail of Quantum Leap (worn) {rF+}
   (You bought it in a shop on level 13 of the Dungeon)

   rF+:       It protects you from fire.
Jewellery
 b - an amulet of regeneration
 f - the amulet of Geonn (around neck) {Reflect Fly rElec SH+5}
   (You acquired it on level 13 of the Dungeon)

   [amulet of reflection]

   Reflect:   It reflects blocked missile attacks.
   rElec:     It insulates you from electricity.
   Fly:       It grants you flight.
   SH+5:      It affects your SH (+5).
 n - a ring of poison resistance
 v - a ring of willpower
 E - a +4 ring of slaying (right hand)
 H - a ring of resist corrosion
 N - a ring of positive energy
 U - a +5 ring of evasion (left hand)
Talismans
 h - a storm talisman
Wands
 u - a wand of roots (10)
 K - a wand of flame (3)
 P - a wand of charming (12)
 S - a wand of light (5)
Scrolls
 l - 2 scrolls of fear
 m - 9 scrolls of enchant armour
 o - 4 scrolls of vulnerability
 p - a scroll of poison
 s - 6 scrolls of teleportation
 t - a scroll of amnesia
 w - 5 scrolls of identify
 D - 2 scrolls of immolation
 F - a scroll of summoning
 G - 2 scrolls of enchant weapon
 M - 3 scrolls of fog
Potions
 a - 2 potions of cancellation
 g - 5 potions of mutation
 k - a potion of heal wounds
 q - a potion of haste
 x - 3 potions of attraction
 I - 5 potions of enlightenment
 J - 3 potions of curing
 O - a potion of brilliance
 R - 3 potions of might
Miscellaneous
 j - a phantom mirror (inert)


   Skills:
 + Level 13.7 Fighting
 - Level 12.9 Maces & Flails
 + Level 9.2 Armour
 - Level 12.5 Dodging
 - Level 5.4 Shields
 * Level 20.9 Invocations


You had 14 spell levels left.
You didn't know any spells.
Your spell library contained the following spells:

 Spells                   Type           Power      Damage    Failure   Level
 Magic Dart               Conj           0%         1d3       43%         1
 Ensorcelled Hibernation  Hex/Ice        0%         N/A       58%         2
 Searing Ray              Conj           0%         2d4       58%         2
 Dazzling Flash           Conj/Hex       0%         N/A       82%         3
 Frozen Ramparts          Ice            0%         1d1       82%         3
 Hailstorm                Conj/Ice       0%         3d5       82%         3
 Inner Flame              Hex/Fire       0%         N/A       82%         3
 Mephitic Cloud           Conj/Alch/Air  0%         N/A       82%         3
 Ozocubu's Armour         Ice            0%         N/A       82%         3
 Passwall                 Erth           0%         N/A       82%         3
 Stone Arrow              Conj/Erth      0%         3d7       82%         3
 Summon Ice Beast         Ice/Summ       0%         N/A       82%         3
 Swiftness                Air            0%         N/A       82%         3
 Tukima's Dance           Hex            0%         N/A       82%         3
 Volatile Blastmotes      Fire/Tloc      0%         2d10      82%         3
 Animate Armour           Summ/Erth      0%         N/A       99%         4
 Dimensional Bullseye     Hex/Tloc       0%         N/A       99%         4
 Fulminant Prism          Conj/Alch      0%         3d5       99%         4
 Iskenderun's Mystic Bla  Conj/Tloc      0%         2d3       99%         4
 Leda's Liquefaction      Alch/Erth      0%         N/A       99%         4
 Passage of Golubria      Tloc           0%         N/A       99%         4
 Petrify                  Alch/Erth      0%         N/A       99%         4
 Curse of Agony           Necr           0%         N/A       100%        5
 Irradiate                Conj/Alch      0%         3d11      100%        5
 Metabolic Englaciation   Hex/Ice        0%         N/A       100%        5
 Silence                  Hex/Air        0%         N/A       100%        5
 Yara's Violent Unravell  Hex/Alch       0%         3d3       100%        5
 Sculpt Simulacrum        Ice/Alch       0%         N/A       100%        6
 Ignition                 Fire           0%         3d3       100%        8
 Lehudib's Crystal Spear  Conj/Erth      0%         10d2      100%        8


Dungeon Overview and Level Annotations

Branches:
Dungeon (14/15)            Temple (1/1) D:4            Lair (5/5) D:8
  Swamp (0/4) Lair:3        Snake (0/4) Lair:3        Slime (0/5) Lair:5
    Orc (2/2) D:11            Elf (0/3) Orc:2        Vaults (0/5) D:13
Ossuary (visited)

Altars:
Ashenzari
Cheibriados
Dithmenos
Elyvilon
Fedhas
Gozag
Hepliaklqana
Kikubaaqudgha
Makhleb
Nemelex Xobeh
Okawaru
Qazlal
Ru
Sif Muna
Trog
Uskayaw
Vehumet
Wu Jian
Xom
Yredelemnul
Zin
The Shining One
Beogh
Jiyva
Lugonu

Shops:
D:4 !   D:9 (   D:13 [   Orc:1 **   Orc:2 [=[:

Portals:
Abyss: D:8
Trove: D:10 (give 4 potions of resistance)

Annotations:
D:14 3 transporters


Innate Abilities, Weirdness & Mutations

Your spellcasting is much less encumbered by armour.
You can use scrolls of enchantment on lesser artefacts.


Message History

The purple ugly thing gores you but does no damage.
The five-headed hydra bites you but does no damage. x3
The five-headed hydra bites you!
* * * LOW HITPOINT WARNING * * *
The five-headed hydra barely misses you.
The purple ugly thing bites you!
* * * LOW HITPOINT WARNING * * *
The efreet hits you with a +0 scimitar of flaming!
* * * LOW HITPOINT WARNING * * *
The efreet burns you.
* * * LOW HITPOINT WARNING * * *
The troll bites you!
* * * LOW HITPOINT WARNING * * *
The troll claws you but does no damage. x2
The basilisk hisses menacingly.
The purple ugly thing gores you.
* * * LOW HITPOINT WARNING * * *
The boggart mumbles some strange words.
The boggart flickers and vanishes for a moment.
The five-headed hydra bites you but does no damage. x2
The five-headed hydra bites you!
* * * LOW HITPOINT WARNING * * *
The five-headed hydra bites you.
* * * LOW HITPOINT WARNING * * *
The five-headed hydra bites you but does no damage.
The brown ugly thing claws you!
* * * LOW HITPOINT WARNING * * *
You are splashed with acid!
* * * LOW HITPOINT WARNING * * *
The brown ugly thing gores you but does no damage.
The purple ugly thing bites you but does no damage.
The brown ugly thing basks in the mutagenic energy from its kin and changes!
The efreet hits you with a +0 scimitar of flaming.
* * * LOW HITPOINT WARNING * * *
The efreet burns you.
The boggart mumbles some strange words.
The boggart blinks!
The troll bites you.
* * * LOW HITPOINT WARNING * * *
The troll barely misses you. The troll claws you.
You die...

#..# #........
#..# #........
#..# #........
#..#######........
.
#......>..........
..W
#..#######........
.©D## #u.#
#......~.
..B#.g#uu#
#........
.DD#.TD@u#
#........ ..##...#
..p#.luRT#
#........
WW#...#D..H##Q#gg#
#........


pW........ #B#Qg# #......~. .©.D. .. #.#{9# #+#######'#### ...# .$!#.©.#[!.⌠#
....# "?$#...#.$[# .##..# ####⌠.⌠#####..# You could see a fire dragon, 2 boulder
beetles, a six-headed hydra, a five-headed hydra (summoned), 5 ugly things, 2
tengu warriors, a manticore, a phantasmal warrior, an occultist, 2 trolls, an
efreet (summoned), a basilisk (summoned), an acid dragon, a gargoyle (summoned)
and 4 boggarts.

Vanquished Creatures
  An eleionoma (Lair:3)
  A dire elephant (Lair:5)
  Snorg (D:11)
  A vault guard (D:13)
  5 hydras
  An ice dragon (Lair:4)
  Erica (D:10)
  A catoblepas (Lair:5)
  2 boulder beetles
  5 centaur warriors
  6 death yaks
  A tengu warrior (D:13)
  7 two-headed ogres
  The ghost of Satuseaff the Covert, a journeyman SpAl of Dithmenos (D:12)
  The ghost of fly the Covert, a novice KoDe of Uskayaw (D:9)
  5 skeletal warriors
  2 skysharks (Lair:5)
  Pikel (D:4)
  4 lindwurms (Lair:5)
  3 orc knights
  An orc sorcerer (Orc:1)
  2 ugly things (D:12)
  2 manticores
  3 cyclopes
  9 elephants
  2 black mambas
  13 cane toads
  3 kobold blastminers (Orc:2)
  2 gargoyles
  Jeremiah (D:6)
  6 komodo dragons
  A torpor snail (Lair:5)
  An unseen horror (D:12)
  3 tengu conjurers
  2 ice devils (Lair:4)
  2 kobold demonologists
  9 rime drakes
  3 hornets
  Grinder (D:5)
  9 polar bears
  3 trolls
  9 blink frogs
  2 dream sheep (Lair:5)
  6 slime creatures
  Sigmund (D:4)
  5 wraiths
  2 shadows
  7 wyverns
  66 yaks
  2 steam dragons
  2 basilisks
  A golden eye (D:11)
  Grum (D:10)
  A death yak simulacrum (Lair:4)
  Menkaure (D:7)
  6 vampire mosquitoes
  4 acid dragons
  22 water moccasins
  3 nagas (Lair:3)
  Duvessa (D:7)
  A swamp drake (D:11)
  30 orc warriors
  2 ice beasts
  7 ogres
  A sky beast (D:7)
  2 black bears
  23 wolves
  15 centaurs
  2 lemures (D:4)
  7 kobold brigands
  13 bullfrogs
  3 gnoll sergeants
  2 scorpions
  A two-headed ogre simulacrum (Lair:4)
  Dowan (D:7)
  5 killer bees (D:9)
  2 electric eels
  4 howler monkeys
  3 bombardier beetles
  A centaur zombie (Ossuary)
  A hound (D:5)
  7 jellies
  9 orc priests
  A sleepcap (D:6)
  Crazy Yiuf (D:4)
  Ijyb (D:5)
  An iguana (D:7)
  26 orc wizards
  2 hell rats (Lair:3)
  A troll simulacrum (Lair:4)
  3 crocodile zombies (Ossuary)
  2 mummies
  21 gnolls
  5 adders
  A naga simulacrum (Lair:4)
  6 river rats (Lair:3)
  A shadow imp (D:7)
  3 white imps
  2 ufetubi (D:6)
  2 dart slugs
  2 ribbon worms
  79 orcs
  7 ball pythons
  15 endoplasms
  3 giant cockroaches
  2 gnoll zombies (Ossuary)
  12 goblins
  7 hobgoblins
  4 jackals (D:1)
  4 quokkas
  3 bats
  4 frilled lizards
  24 kobolds
  2 kobold zombies (Ossuary)
  5 rats
  A lurking horror (D:8)
665 creatures vanquished.

Vanquished Creatures (collateral kills)
  A hydra (Lair:5)
  A dancing weapon (D:13)
  A skyshark (Lair:5)
  A manticore (Lair:5)
  8 yaks (Lair:5)
  An orc warrior (D:6)
  An orc (D:6)
14 creatures vanquished.

Vanquished Creatures (others)
  A scorpion (D:4)
  An iguana (D:4)
  A dart slug (D:4)
  2 goblins (D:4)
  A kobold (D:4)
  A quokka (D:4)
7 creatures vanquished.

Grand Total: 686 creatures vanquished

Notes
Turn   | Place    | Note
-------+----------+-------------------------------------------
     0 | D:1      | Amplified the Mountain Dwarf Fighter began the quest for
                  | the Orb.
     0 | D:1      | Reached XP level 1. HP: 19/19 MP: 1/1
   168 | D:1      | Reached XP level 2. HP: 26/26 MP: 2/2
   184 | D:1      | Found a faded altar of an unknown god.
   265 | D:1      | Reached XP level 3. HP: 31/31 MP: 3/3
   937 | D:2      | Reached XP level 4. HP: 37/40 MP: 4/4
  1454 | D:3      | Reached XP level 5. HP: 46/46 MP: 5/5
  1714 | D:3      | Reached skill level 5 in Shields
  1721 | D:3      | Reached XP level 6. HP: 42/52 MP: 6/6
  2046 | D:4      | Reached skill level 5 in Maces & Flails
  2306 | D:4      | Found a staircase to the Ecumenical Temple.
  2313 | Temple   | Entered the Ecumenical Temple
  2322 | Temple   | Became a worshipper of the Shining One
  2370 | D:4      | Noticed Sigmund
  2381 | D:4      | Killed Sigmund
  2382 | D:4      | Reached skill level 2 in Invocations
  2382 | D:4      | Reached XP level 7. HP: 54/60 MP: 6/8
  2437 | D:4      | Noticed Pikel
  2438 | D:4      | Found Zoxa's Distillery.
  2475 | D:4      | Killed Pikel
  2476 | D:4      | Reached skill level 5 in Fighting
  2476 | D:4      | Reached skill level 5 in Armour
  2476 | D:4      | Reached skill level 4 in Invocations
  2476 | D:4      | Reached XP level 8. HP: 46/68 MP: 8/11
  2482 | D:4      | Bought a potion of might for 40 gold pieces
  2482 | D:4      | Bought a potion of mutation for 80 gold pieces
  2482 | D:4      | Bought a potion of lignification for 30 gold pieces
  2482 | D:4      | Bought 2 potions of degeneration for 20 gold pieces
  2818 | D:4      | Found a runed translucent door.
  2819 | D:4      | Noticed Crazy Yiuf
  3052 | D:4      | Found a shimmering altar of Xom.
  3083 | D:4      | Reached skill level 5 in Invocations
  3261 | D:4      | Killed Crazy Yiuf
  3433 | D:5      | Entered Level 5 of the Dungeon
  3527 | D:5      | Noticed Ijyb
  3541 | D:5      | Killed Ijyb
  3551 | D:5      | Found a sand-covered staircase.
  3637 | Ossuary  | Entered an ossuary
  3695 | Ossuary  | Reached * piety under the Shining One
  3716 | Ossuary  | Reached skill level 6 in Invocations
  4508 | D:5      | Noticed Grinder
  4521 | D:5      | Paralysed by Grinder for 4 turns
  4525 | D:5      | Killed Grinder
  4529 | D:5      | Identified a scroll of acquirement
  4529 | D:5      | Acquired a manual of Dodging
  5109 | D:6      | Reached skill level 7 in Invocations
  5109 | D:6      | Reached XP level 9. HP: 54/75 MP: 11/14
  5129 | D:6      | Reached skill level 1 in Dodging
  6122 | D:6      | Noticed Jeremiah
  6170 | D:6      | Killed Jeremiah
  6171 | D:6      | Reached skill level 8 in Invocations
  6374 | D:7      | Noticed Duvessa
  6376 | D:7      | Noticed Dowan
  6397 | D:7      | Killed Duvessa
  6407 | D:7      | Killed Dowan
  6658 | D:7      | Found a broken altar of Ashenzari.
  6842 | D:7      | Noticed Menkaure
  6852 | D:7      | Killed Menkaure
  7060 | D:7      | Found a white marble altar of Elyvilon.
  7125 | D:7      | Reached skill level 10 in Maces & Flails
  7331 | D:8      | Reached skill level 9 in Invocations
  7446 | D:8      | Reached XP level 10. HP: 72/86 MP: 16/16
  7602 | D:8      | Found a corrupted altar of Lugonu.
  7603 | D:8      | Found a one-way gate to the infinite horrors of the Abyss.
  7819 | D:8      | Reached skill level 5 in Dodging
  8494 | D:8      | Found a staircase to the Lair.
  9155 | D:9      | Reached skill level 10 in Invocations
  9258 | D:9      | Noticed a gargoyle
  9258 | D:9      | Noticed a boulder beetle
  9293 | D:9      | Killed a boulder beetle
  9295 | D:9      | Killed a gargoyle
  9449 | D:9      | Reached skill level 11 in Invocations
  9464 | D:9      | Reached XP level 11. HP: 72/94 MP: 19/19
  9920 | D:9      | Noticed a two-headed ogre
  9927 | D:9      | Killed a two-headed ogre
 10097 | D:9      | Found Extir's Weapon Boutique.
 10179 | D:9      | Found a runed translucent gate.
 10179 | D:9      | Found a runed translucent gate.
 10179 | D:9      | Found a runed translucent gate.
 10180 | D:9      | Noticed a ten-headed hydra
 10180 | D:9      | Noticed fly's ghost (novice KoDe)
 10672 | D:10     | Entered Level 10 of the Dungeon
 10687 | D:10     | Reached ** piety under the Shining One
 10758 | D:10     | Found a portal to a secret trove of treasure.
 11087 | D:10     | Noticed a two-headed ogre
 11093 | D:10     | Noticed Grum
 11099 | D:10     | Killed a two-headed ogre
 11105 | D:10     | Killed Grum
 11186 | D:10     | Noticed Erica
 11201 | D:10     | Killed Erica
 11202 | D:10     | Reached skill level 12 in Invocations
 11619 | D:11     | Noticed a two-headed ogre
 11637 | D:11     | Killed a two-headed ogre
 11711 | D:11     | Noticed a boulder beetle
 11881 | D:11     | a boulder beetle changed into an ice dragon
 11881 | D:11     | Noticed an ice dragon
 12325 | D:11     | Noticed a two-headed ogre
 12552 | D:11     | an ice dragon changed into a golden eye
 12773 | D:11     | Killed a two-headed ogre
 13059 | D:11     | Found a staircase to the Orcish Mines.
 13188 | D:11     | Noticed Snorg
 13216 | D:11     | Killed Snorg
 13217 | D:11     | Reached skill level 13 in Invocations
 13328 | D:12     | Reached XP level 12. HP: 47/104 MP: 21/21
 13496 | D:12     | Noticed a six-headed hydra
 13506 | D:12     | Killed a six-headed hydra
 13728 | D:12     | Reached skill level 10 in Dodging
 13882 | D:12     | Noticed a two-headed ogre
 13894 | D:12     | Killed a two-headed ogre
 13955 | D:12     | Noticed Satuseaff's ghost (journeyman SpAl)
 13958 | D:12     | Found a runed translucent door.
 14451 | Orc:1    | Entered Level 1 of the Orcish Mines
 14476 | Orc:1    | Reached skill level 14 in Invocations
 14490 | Orc:1    | Noticed a two-headed ogre
 14524 | Orc:1    | Killed a two-headed ogre
 14751 | Orc:1    | Found Wino's Specific Store.
 14755 | Orc:1    | Found Akewkoaw's General Store.
 14759 | Orc:1    | Bought a potion of heal wounds for 75 gold pieces
 14759 | Orc:1    | Bought a scroll of fog for 60 gold pieces
 14822 | Orc:2    | Entered Level 2 of the Orcish Mines
 15000 | Orc:2    | Found a staircase to the Elven Halls.
 15386 | Orc:2    | Reached skill level 10 in Fighting
 15672 | D:11     | Upgraded the game from 0.32-a0-290-g598725c5f2 to
                  | 0.32-a0-292-g751ec8d2e7
 16091 | D:13     | Noticed a vault guard
 16174 | D:13     | Noticed a centaur warrior
 16455 | D:13     | Noticed a tengu warrior
 16583 | D:8      | Reached skill level 15 in Invocations
 16633 | Lair:1   | Entered Level 1 of the Lair of Beasts
 16993 | Lair:2   | Reached XP level 13. HP: 87/114 MP: 24/24
 17430 | Lair:3   | Reached skill level 16 in Invocations
 17583 | Lair:5   | Entered Level 5 of the Lair of Beasts
 17786 | Lair:5   | Found a staircase to the Slime Pits.
 17786 | Lair:5   | Found a viscous altar of Jiyva.
 17856 | Lair:5   | Reached *** piety under the Shining One
 18136 | Lair:5   | Reached skill level 17 in Invocations
 18234 | Lair:5   | Upgraded the game from 0.32-a0-292-g751ec8d2e7 to
                  | 0.32-a0-312-g1d7162e751
 18742 | Lair:5   | Noticed a dire elephant
 18838 | Lair:5   | Killed a dire elephant
 18839 | Lair:5   | Reached XP level 14. HP: 46/125 MP: 24/26
 18949 | Lair:5   | Got an earthy gem with 1836 turns to spare
 19740 | Lair:5   | Reached skill level 18 in Invocations
 21584 | Lair:3   | Found a staircase to the Snake Pit.
 21929 | Lair:3   | Found a staircase to the Swamp.
 21940 | Lair:3   | Reached skill level 19 in Invocations
 22101 | Lair:2   | Identified the +9 spear of War {vamp, rF+ Int+4}
 24748 | Orc:2    | Found a roughly hewn altar of Beogh.
 25179 | Orc:2    | Found Reczal's Antique Armour Boutique.
 25179 | Orc:2    | Found Ixzees's Jewellery Shoppe.
 25181 | Orc:2    | Found Qionnaps's Armour Emporium.
 25183 | Orc:2    | Found Vegen's Book Shop.
 25197 | Orc:2    | Bought a glowing chain mail for 232 gold pieces
 25197 | Orc:2    | Bought a runed chain mail for 232 gold pieces
 25208 | Orc:2    | Bought a +5 ring of evasion for 612 gold pieces
 25264 | Orc:2    | Reached skill level 20 in Invocations
 25652 | D:12     | Killed Satuseaff's ghost
 25653 | D:12     | Reached XP level 15. HP: 136/136 MP: 23/29
 25785 | D:9      | Killed fly's ghost
 26194 | D:13     | Found Ruriwn's Antique Armour Shoppe.
 26203 | D:13     | Bought a translucent scale mail for 270 gold pieces
 26203 | D:13     | Identified the +4 scale mail of Quantum Leap {rF+} (You
                  | bought it in a shop on level 13 of the Dungeon)
 26230 | D:13     | Found a gate to the Vaults.
 26726 | D:13     | Acquired the amulet of Geonn {Reflect Fly rElec SH+5}
 26869 | D:13     | Identified the +0 chain mail of Charity {rC+ Dex+3 Slay-4}
 27132 | D:14     | Found a transporter.
 27134 | D:14     | Found a transporter.
 27457 | D:14     | Found a transporter.
 27473 | D:14     | HP: 6/137 [acid[a boggart] (4)]
 27474 | D:14     | HP: 2/137 [troll[a boggart] (3)]
 27474 | D:14     | Slain by a troll

Illustrated notes

Levels and vault maps discovered:
D:1:      kilobyte_arrival_exit_the_forest, layout_loops_cross,
          dreamdust_ecumenical_altar_grove, serial_bayou_crossing
D:2:      layout_rooms
D:3:      layout_rooms
D:4:      layout_loops_ring, xom_confusion_cloud,
          minmay_temple_entry_mini_moons, serial_shops,
          nicolae_shop_pleasant_corner_grove, uniq_pikel, uniq_sigmund,
          uniq_crazy_yiuf_cottage
D:5:      layout_layer_cave, gup_ossuary_entry_pyramid, nicolae_the_louvre,
          uniq_ijyb, uniq_grinder
D:6:      layout_layer_cave, uniq_jeremiah
D:7:      layout_loops_ring, mainiacjoe_overflow_alcove_1,
          nicolae_elyvilon_peaceful_grove, uniq_duvessa, uniq_menkaure
D:8:      layout_cave_pods, david_lair_shrubbed, minmay_misc_feat_square,
          grunt_ministairs_3, amcnicky_altar_lugonu_corruption
D:9:      minmay_the_grid_octo_tiled_squarecenter [minmay_the_grid_octo_chip,
          minmay_the_grid_octo_teeth, minmay_the_grid_octo_checkered,
          minmay_the_grid_octo_focus,
          minmay_the_grid_square_5x5_megaprize_hollow,
          minmay_the_grid_square_5x5_hourglass, minmay_the_grid_square_5x5_six,
          minmay_the_grid_square_5x5_spiral,
          minmay_the_grid_square_5x5_almost_minimal], layout_loops_corners,
          serial_shops, shop, gammafunk_ghost_hydra_chop, abandoned_shop
D:10:     layout_stronghold, enter_trove_3, serial_bayou_ford_a, uniq_grum,
          uniq_erica
D:11:     layout_loops_cross, erik_orc_1, uniq_snorg
D:12:     layout_cave_pools, hellmonk_ghost_happy_afterlife
D:13:     minmay_bubble_buster, layout_irregular_city, erik_vaults_1,
          serial_shops, shop
D:14:     gammafunk_the_bubble [the_bubble_gammafunk_roulette],
          layout_long_grid, skrybe_limestone_x, minmay_diced_spiral
Temple:   nicolae_temple_bog_church
Lair:1:   layout_misc_corridors, wad_woods_road_04, grunt_megastairs_1
Lair:2:   layout_gridlike, st_stairs_8, dreamdust_mushroom_princess,
          infiniplex_staircase_pool, serial_bayou_shore_a, serial_bayou_shore_b
Lair:3:   layout_regular_city, alex1729_swamp_entry_worm_eleionoma,
          guppyfry_snake_entry_garden, kennysheep_rathole
Lair:4:   dreamdust_isle_of_ice, layout_gridlike, grunt_megastairs_4,
          serial_bayou_shore_b, lemuel_fruit_fields,
          infiniplex_staircase_pool_2, lemuel_fruit_tree
Lair:5:   hangedman_lair_in_review, layout_cave_pods,
          minmay_slime_entry_pillars, st_stairs_7
Orc:1:    layout_caves, nicolae_specific_store
Orc:2:    st_orc_rangers, layout_diamond_mine, mines2_david

Skill      XL: |  1  2  3  4  5  6  7  8  9 10 11 12 13 14 15 |
---------------+----------------------------------------------+-----
Maces & Flails | 3 4 5 7 8 10 11 12 | 12.9
Shields        | 4 5 |  5.4
Fighting       | 4 5 6 7 8 9 10 11 13 | 13.7
Armour         | 4 5 8 9 |  9.2
Invocations    | 2 4 7 9 11 13 15 17 20 | 20.9
Dodging        | 4 7 9 11 12 | 12.5

Action                     |  1- 3 |  4- 6 |  7- 9 | 10-12 | 13-15 || total
---------------------------+-------+-------+-------+-------+-------++-------
  Melee: Flail             |    96 |   160 |   413 |   550 |       ||  1219
         Whip              |       |       |       |   699 |  2045 ||  2744
  Throw: Dart              |       |       |       |     3 |     1 ||     4
         Throwing net      |       |       |       |     1 |       ||     1
 Invoke: Divine Shield     |       |       |     4 |    24 |    32 ||    60
         Cleansing Flame   |       |       |       |       |     2 ||     2
  Evoke: Wand              |       |       |    20 |    10 |    13 ||    43
         Phantom mirror    |       |       |       |       |     2 ||     2
    Use: Scroll            |     3 |     6 |     6 |    18 |    10 ||    43
         Potion            |       |     4 |     8 |    11 |     8 ||    31
 Armour: Scale mail        |    33 |       |    54 |   571 |   794 ||  1452
         Chain mail        |    23 |   138 |   308 |       |    74 ||   543
         Skin              |       |       |     6 |     1 |    33 ||    40
  Dodge: Dodged            |    56 |    44 |   153 |   450 |   740 ||  1443
  Block: Buckler           |    24 |    26 |   178 |   558 |   754 ||  1540
         Reflection        |       |       |       |       |     7 ||     7

Table legend: (Time is in decaauts)
 A = Elapsed time spent in this place.
 B = Non-inter-level travel time spent in this place.
 C = Inter-level travel time spent in this place.
 D = Time resting spent in this place.
 E = Time spent auto-exploring this place.
 F = Levels seen in this place.
 G = Mean time per level.
                   A        B        C        D        E       F      G
               +--------+--------+--------+--------+--------+-----+--------+
         Total |  26253 |  24420 |   1833 |   1874 |  15471 |  23 | 1141.4 |
       Dungeon |  17058 |  15589 |   1469 |    974 |  11082 |  14 | 1218.4 |
        Temple |     18 |      9 |      9 |      0 |      0 |   1 |   18.0 |
          Lair |   6495 |   6259 |    236 |    333 |   3029 |   5 | 1299.0 |
  Orcish Mines |   2495 |   2377 |    118 |    566 |   1262 |   2 | 1247.5 |
       Ossuary |    185 |    185 |      0 |      0 |     97 |   1 |  185.0 |
               +--------+--------+--------+--------+--------+-----+--------+

Top non-repeatable levels by time:
  Lair:5: 2031 daAuts
     D:9: 1908 daAuts
     D:8: 1671 daAuts
    D:11: 1531 daAuts
     D:5: 1502 daAuts
  Lair:4: 1489 daAuts
    D:13: 1451 daAuts
     D:4: 1394 daAuts
   Orc:2: 1363 daAuts
    D:10: 1360 daAuts
    D:12: 1347 daAuts
     D:6: 1317 daAuts
  Lair:2: 1161 daAuts
   Orc:1: 1132 daAuts
  Lair:3: 982 daAuts
